Map: Kairos Junction LE

Players

OGZest (Zest) - Winner!

  • Race: Protoss Protoss
  • Spawn Location: 11:00

HeroMarine

  • Race: Terran Terran
  • League: Master
  • Spawn Location: 5:00

Event: HomeStory Cup XIX

VOD

Have the link to the VOD?

Description

Time

  • Played on: June 29, 2019, 3:17 p.m.
  • Length: 11:14

All games in this series

Show
View Real Time Build Order
Export as new Build Order

OGZest Protoss - Winner!

Build Orders: 1 Gate Expand, Oracle Opening 

Get SALT Encoding   

  12  0:00  Probe  
  13  0:12  Probe  
  14  0:17  Pylon  
  14  0:24  Probe  
  15  0:32  Probe  
  15  0:36  Gateway  
  15  0:40  Probe  
  16  0:46  Assimilator  
  17  0:51  Probe  
  18  1:03  Probe  
  19  1:15  Probe  
  20  1:23  Cybernetics Core  
  20  1:33  Nexus  
  20  1:35  Probe  
  21  1:42  Pylon  
  21  1:47  Probe  
  21  1:51  Assimilator, Adept  
  22  1:59  Probe  
  25  2:07  Pylon  
  25  2:11  Probe  
  26  2:23  Probe  
  26  2:25  Stargate  
  27  2:33  Warp Gate  
  27  2:36  Probe  
  28  2:38  Adept  
  30  2:44  Probe  
  30  2:48  Probe  
  32  2:52  Probe  
  33  2:58  Oracle  
  33  3:00  Probe  
  33  3:01  Probe  
  35  3:08  Adept  
  35  3:12  Probe  
  41  3:13  Probe  
  42  3:24  Probe  
  43  3:27  Probe  
  43  3:29  Oracle  
  43  3:31  Gateway  
  43  3:32  Gateway  
  44  3:36  Probe  
  47  3:45  Probe  
  45  3:48  Probe  
  45  3:57  Probe, Oracle  
  45  4:00  Probe, Pylon  
  47  4:09  Probe  
  51  4:15  Probe, Pylon  
  51  4:16  Shield Battery  
  47  4:36  Stalker x3  
  46  4:43  Probe  
  46  4:44  Probe  
  44  4:55  Probe x2  
  44  4:57  Assimilator  
  44  4:58  Assimilator  
  46  5:01  Stalker x3  
  46  5:03  Probe x2  
  52  5:11  Probe x2  
  54  5:16  Phoenix  
  54  5:22  Probe x2  
  58  5:35  Probe  
  59  5:42  Stalker x2  
  59  5:57  Probe x2  
  59  6:04  Forge, Twilight Council  
  61  6:06  Blink  
  61  6:10  Probe x2  
  63  6:12  Shield Battery  
  63  6:18  Probe  
  63  6:22  Probe  
  65  6:26  Probe  
  65  6:27  Pylon  
  66  6:34  Probe  
  66  6:36  Probe  
  68  6:40  Nexus  
  68  6:46  Probe  
  69  6:50  Gateway  
  69  6:51  Protoss Ground Weapons Level 1  
  69  6:56  Stalker  
  69  6:57  Stalker x2  
  75  7:02  Gateway  
  75  7:08  Gateway  
  72  7:16  Robotics Facility  
  72  7:19  Probe, Pylon  
  72  7:20  Probe  
  74  7:32  Probe x2  
  74  7:33  Sentry  
  78  7:48  Gateway x2, Pylon  
  78  7:52  Sentry x2  
  78  7:56  Observer, Probe x3  
  85  8:02  Charge  
  86  8:08  Zealot x4  
  94  8:19  Stalker x2  
  96  8:33  Stalker x3, Protoss Ground Armor Level 1  
  100  8:42  Probe x3  
  102  8:54  Probe x2  
  104  8:56  Zealot x2  
  104  8:57  Pylon  
  104  8:58  Pylon  
  108  9:06  Pylon  
  108  9:10  Immortal  
  108  9:19  Templar Archives  
  108  9:23  Zealot x6  
  124  9:32  Pylon  
  124  9:33  Pylon  
  124  9:41  Pylon  
  124  9:44  Immortal  
  124  9:47  Pylon  
  126  10:08  High Templar x2  
  126  10:09  Zealot x6  
  126  10:13  Pylon  
  142  10:14  Pylon  
  142  10:22  Immortal  
  140  10:30  Archon  
  144  10:38  Zealot x6  
  150  10:58  Zealot x5  
  150  10:59  Zealot x2  
Show
View Real Time Build Order
Export as new Build Order

HeroMarine Terran 

Build Orders: Gas First Reaper Expand 

Get SALT Encoding   

  12  0:00  SCV  
  13  0:13  SCV  
  14  0:16  Supply Depot  
  14  0:25  SCV  
  15  0:29  Refinery  
  15  0:38  SCV  
  16  0:44  Barracks  
  16  0:50  SCV  
  17  1:02  SCV  
  18  1:14  SCV  
  19  1:31  Orbital Command, Reaper  
  20  1:45  Command Center  
  20  1:55  Factory  
  20  1:58  SCV  
  21  2:06  Barracks Reactor  
  21  2:10  SCV  
  21  2:14  Supply Depot  
  22  2:15  Refinery  
  22  2:22  SCV  
  23  2:35  SCV  
  24  2:44  Starport  
  24  2:47  SCV  
  24  2:48  Hellion x2  
  29  2:56  Orbital Command  
  29  3:00  SCV  
  30  3:09  Widow Mine  
  30  3:10  Widow Mine  
  30  3:12  Orbital Command, SCV  
  35  3:21  Medivac  
  35  3:24  SCV  
  35  3:25  Barracks Tech Lab  
  38  3:27  Supply Depot  
  38  3:31  Widow Mine x2  
  42  3:36  SCV  
  43  3:44  SCV  
  43  3:48  SCV  
  40  3:54  Widow Mine  
  40  3:55  Widow Mine  
  41  3:56  SCV  
  41  4:00  SCV  
  41  4:02  Viking  
  44  4:08  SCV  
  44  4:12  SCV  
  44  4:20  SCV  
  35  4:34  Marine  
  35  4:35  Cyclone  
  37  4:38  Marine  
  37  4:44  SCV x2  
  38  4:56  SCV  
  35  5:01  SCV  
  35  5:07  Marine  
  36  5:08  SCV  
  36  5:12  Marine  
  36  5:13  SCV  
  40  5:21  Siege Tank, SCV  
  44  5:24  Marine  
  45  5:30  Orbital Command  
  45  5:32  Marine  
  45  5:33  SCV  
  43  5:39  Viking  
  43  5:42  Marine  
  43  5:45  SCV  
  43  5:49  Supply Depot  
  45  5:50  Marine  
  45  6:00  Marine  
  45  6:01  Orbital Command, Siege Tank  
  46  6:10  Marine, Supply Depot  
  47  6:14  Viking  
  47  6:18  Marine  
  50  6:20  SCV  
  51  6:27  SCV  
  51  6:28  Marine  
  51  6:32  SCV  
  51  6:39  Siege Tank, SCV  
  55  6:45  Marine, SCV  
  55  6:46  Marine  
  58  6:51  SCV, Supply Depot  
  58  6:57  SCV  
  58  6:58  Starport Tech Lab  
  59  7:03  Marine, SCV  
  59  7:04  Marine  
  59  7:06  Engineering Bay  
  62  7:13  SCV  
  62  7:14  Supply Depot  
  63  7:15  SCV  
  63  7:16  Siege Tank  
  67  7:25  SCV  
  67  7:26  Barracks  
  67  7:28  Barracks, SCV  
  69  7:31  Stimpack  
  69  7:33  Marine  
  69  7:36  Missile Turret  
  70  7:37  SCV  
  70  7:40  SCV  
  70  7:42  Starport Reactor  
  72  7:45  Refinery  
  72  7:47  Supply Depot  
  72  7:50  Marine, SCV  
  74  7:52  SCV  
  74  7:53  Terran Infantry Weapons Level 1  
  75  7:59  Supply Depot  
  75  8:02  SCV  
  75  8:04  SCV  
  77  8:08  Marine  
  78  8:14  SCV  
  78  8:16  Marine, SCV  
  78  8:17  Marine  
  80  8:22  Siege Tank  
  80  8:26  Marine  
  84  8:28  Starport Reactor  
  84  8:29  SCV x2  
  84  8:34  Marine x3  
  84  8:35  Marine  
  82  8:44  Marine  
  82  8:47  Refinery  
  80  8:52  Marine x4  
  80  8:55  Siege Tank, Supply Depot  
  87  8:56  Barracks, Supply Depot  
  87  8:58  Barracks  
  87  9:02  Marine  
  88  9:08  Medivac  
  88  9:09  Marine  
  90  9:10  Marine x3  
  90  9:16  Medivac  
  96  9:18  Supply Depot x2  
  96  9:19  Marine  
  97  9:27  Siege Tank, Marine  
  97  9:28  Marine x3  
  104  9:32  Combat Shield  
  104  9:37  Marine  
  104  9:38  Medivac  
  107  9:42  Supply Depot x2  
  107  9:45  Marine  
  107  9:46  Marine x5, Medivac  
  115  9:53  Supply Depot  
  115  9:55  Marine  
  115  9:59  Siege Tank  
  118  10:03  Marine x2  
  118  10:04  Marine x4  
  121  10:13  Marine  
  122  10:15  Medivac  
  122  10:16  Medivac  
  122  10:21  Marine x3  
  123  10:22  Marine x3  
  129  10:31  Marine  
  130  10:39  Marine x4  
  130  10:40  Marine  
  132  10:43  Marine  
  132  10:49  Marine  
Tags
 
Add a new tag
Caveats
  • Supply blocks, unpowered buildings, or Contaminate may cause inaccurate times.
  • Supply counts are checked every 10 seconds.